nht, neutral male human Monk ----- |...| %% |%|.| % % % % |.|.| % % % |.|.| | [ [ |.|..`|}--------------- +------ ( |.|---|}}}}}}|........|@@@@@%@@%@ ......|))))))) $ ******* |%|.<.|.....}|........|@@@@@@@@@@ T........|))))))) ******* % |.|.|.|...._}|........|-----------T..........| / |...|.|...``X_...E....`.````@M.T.L........(\Z |.--|.|...``_|........|-----------X.........L| |. |.....```|........|@@@@@@@%@@ H ........|[[[[[[[ %%%%%%% * ---}}`}%}|........|@@@@@%@@@@ ......|[[[[[[[ %%%%%%% ( |}--------------- .------ |}| % @@ % | % [ ( ^ % % % nht the Student of Stones Experience level: 10 Strength: 18/05 Dexterity: 13 Constitution: 11 Intelligence: 12 Wisdom: 10 Charisma: 8 Health: 0(80) Energy: 53(53) Def: 10 Gold: 2523 Moves: 3159 Dungeon seed: ZOy8Bf_ajp-DKch8 Game ID: nht_1463466079 Your Inventory: Coins $ - 2523 gold pieces Amulets a - an uncursed amulet of ESP G - an uncursed amulet of ESP (being worn) Weapons e - a +0 dwarvish mattock l - 12 +0 shuriken (in quiver) Armor n - a blessed +2 robe (being worn) s - an uncursed +2 pair of leather gloves (being worn) y - an uncursed +0 oilskin cloak L - an uncursed +0 mummy wrapping M - a cursed -1 pair of gauntlets of fumbling N - an uncursed +0 pair of iron shoes (being worn) R - an uncursed +0 elven leather helm (being worn) Comestibles k - 4 uncursed fortune cookies m - an uncursed lizard corpse p - 4 uncursed food rations z - 7 uncursed lumps of royal jelly P - an uncursed cockatrice corpse (weapon in hand) Rings q - an uncursed ring of regeneration (on right hand) E - an uncursed ring of teleport control (on left hand) Q - a cursed ring of polymorph Wands h - a wand of secret door detection (0:10) j - a wand of enlightenment (0:0) w - a wand of light (0:13) x - a wand of striking (0:0) B - a wand of digging (0:0) I - a wand of magic missile (0:6) S - a wand of striking (0:2) U - a wand of magic missile (0:4) Y - a wand of sleep (0:3) Tools b - an uncursed sack f - an uncursed tooled horn g - an uncursed stethoscope i - an uncursed oil lamp (lit) (0:695) o - an uncursed magic whistle r - a horn of plenty (0:12) t - an uncursed blindfold v - an uncursed skeleton key Contents of the sack: an uncursed scroll of blank paper a cursed scroll of blank paper an uncursed scroll of charging an uncursed scroll of confuse monster 2 uncursed scrolls of create monster a blessed scroll of enchant armor a blessed scroll of enchant weapon an uncursed scroll of fire a cursed scroll of food detection an uncursed scroll of identify 2 uncursed scrolls of teleportation a cursed potion of gain ability a potion of holy water an uncursed potion of paralysis 2 uncursed potions of water Spells and supernatural/magical abilities: Name Level Category Fail Memory p - protection 1 clerical 0% 85% W - pray for help -- divine ? -- Your skills at the end: Miscellaneous Skills martial arts [Expert] wands [Basic] Weapon Skills shuriken [Basic] Spellcasting Skills healing spells [Basic] Final Attributes: You were fervently aligned. You were sleep resistant. You were poison resistant. You saw invisible. You were telepathic. You were warned. You had automatic searching. You were stealthy. You had teleport control. You regenerated. You were fast. You were very lucky. You are dead. Vanquished creatures: a minotaur a titanothere a frost giant a golden naga a lieutenant a queen bee a fire giant 2 stalkers an ettin mummy 4 ogre lords a shark a pyrolisk an elf mummy a red naga 8 soldiers a cockatrice a leprechaun a spotted jelly a lizard a giant spider 2 iron piercers 2 gnome kings an orc mummy 3 rust monsters an owlbear 5 Green-elves a giant eel a dingo a housecat a dwarf lord a raven a gnome mummy a snake 2 water moccasins 3 apes a rope golem a bugbear an imp 2 wood nymphs 6 Mordor orcs an orc shaman 2 rock piercers a yellow light a shrieker a violet fungus 7 gnome lords a kobold mummy a ghoul a paper golem 3 giant ants a floating eye 10 dwarves a kobold lord 2 iguanas 8 hill orcs 2 rothes 3 giant bats a wererat 17 killer bees a coyote a hobbit 2 large kobolds 3 geckos 4 hobgoblins a cave spider 20 gnomes 2 garter snakes 3 gnome zombies a kobold 5 goblins a grid bug 3 lichens 179 creatures vanquished. Genocided species: newts 1 species genocided. Voluntary challenges: You were vegetarian. You had followed a strict vegan diet until turn 3021. You never hit with a wielded weapon. You did not apply a unicorn horn. You read items or engraved 22 times, starting on turn 1. You genocided 1 type of monster, starting on turn 1724. You never polymorphed an object. You never changed form. You used no wishes. You never split a pudding. You wrote Elbereth's name 5 times, starting on turn 439. You violated your moral code, losing 3 points of alignment, starting on turn 2052. You disabled loading bones files. Dungeon overview: The Dungeons of Doom: levels 1 to 29 Level 1 a long staircase Level 2 Level 3 (tools) a hardware shop, a fountain stairs to The Gnomish Mines Level 4 Level 5 an altar to Chih Sung-tzu, a fountain Level 6 (chauns) Level 7 Level 8 Level 9 Level 10 stairs to Sokoban Level 11 Level 12 (bees) Level 13 (whitecorn) Level 14 Level 15 (quest) Level 16 Level 17 Level 18 (throne) Level 19 Level 20 a temple to Chih Sung-tzu Level 21 Level 22 Level 23 a temple to Huan Ti Level 24 Level 25 Level 26 Level 27 Level 28 (book) Level 29 <- You were here a magic chest, a fountain, a throne The Gnomish Mines: levels 4 to 7 Level 4 stairs to The Dungeons of Doom Level 5 Level 6 Level 7 many shops, a temple to Shan Lai Ching, a magic chest, some fountains, some trees Sokoban: levels 8 to 9 Level 8 a fountain Level 9 a magic chest stairs to The Dungeons of Doom History has recorded: On T:1 you entered the Dungeons of Doom to retrieve the Amulet of Yendor! On T:106 you reached level 2 of The Dungeons of Doom. On T:220 you reached level 3 of The Dungeons of Doom. On T:425 you reached level 1 of The Gnomish Mines. On T:438 you advanced to experience level 2. On T:456 you advanced to experience level 3. On T:514 you reached level 2 of The Gnomish Mines. On T:515 you advanced to experience level 4. On T:579 you advanced to experience level 5. On T:669 you reached level 3 of The Gnomish Mines. On T:689 you reached level 4 of The Gnomish Mines. On T:851 you entered the Minetown temple On T:857 you opened a magic chest. On T:861 you opened a magic chest. On T:870 you advanced to experience level 6. On T:999 you reached level 4 of The Dungeons of Doom. On T:1006 you reached level 5 of The Dungeons of Doom. On T:1030 you reached level 6 of The Dungeons of Doom. On T:1056 you reached level 7 of The Dungeons of Doom. On T:1112 you reached level 8 of The Dungeons of Doom. On T:1129 you reached level 9 of The Dungeons of Doom. On T:1168 you reached level 10 of The Dungeons of Doom. On T:1210 you reached level 4 of Sokoban. On T:1323 you opened a magic chest. On T:1453 you reached level 3 of Sokoban. On T:1554 you reached level 11 of The Dungeons of Doom. On T:1572 you reached level 12 of The Dungeons of Doom. On T:1573 you advanced to experience level 7. On T:2226 you advanced to experience level 8. On T:2436 you opened a magic chest. On T:2437 you opened a magic chest. On T:2512 you reached level 13 of The Dungeons of Doom. On T:2519 you reached level 14 of The Dungeons of Doom. On T:2538 you reached level 15 of The Dungeons of Doom. On T:2562 you reached level 16 of The Dungeons of Doom. On T:2577 you reached level 17 of The Dungeons of Doom. On T:2595 you reached level 18 of The Dungeons of Doom. On T:2612 you reached level 19 of The Dungeons of Doom. On T:2636 you reached level 20 of The Dungeons of Doom. On T:2643 you reached level 21 of The Dungeons of Doom. On T:2758 you advanced to experience level 9. On T:2891 you reached level 22 of The Dungeons of Doom. On T:2916 you reached level 23 of The Dungeons of Doom. On T:2953 you reached level 24 of The Dungeons of Doom. On T:2956 you reached level 25 of The Dungeons of Doom. On T:2960 you reached level 26 of The Dungeons of Doom. On T:2962 you reached level 27 of The Dungeons of Doom. On T:2963 you reached level 28 of The Dungeons of Doom. On T:2964 you reached The Castle. On T:3036 you advanced to experience level 10. Score breakdown: Gold: 2523 ( 252 points) Experience: 10 levels ( 900 points) Exploration: 29 levels ( 840 points) Discoveries: 26 items ( 1300 points) Variety of kills: 72 monsters ( 2000 points) Major goal: reached Minetown ( 500 points) Survival: died (score multiplied by 3) Total score: 17376 Latest messages: The rust monster touches you! Your robe is not affected. The ghoul turns to flee! The ogre lord turns to flee! The ettin mummy turns to flee! The elf mummy turns to flee! The ghoul turns to flee! The troll turns to flee! The frost giant turns to flee! h - an uncursed wand called bals nomsg. K - an uncursed wand of create monster. v - an uncursed key. g - an uncursed stethoscope. y - an uncursed blue gem. H - an uncursed green gem. Y - an uncursed yellow gem. A yellow gem lands on the altar. A green gem lands on the altar. E - 2 uncursed white gems. A horn of plenty lands on the altar. 2 white gems land on the altar. A violet gem lands on the altar. You miss the giant mummy. The giant mummy scratches you! (2x) You die... Final status: Goodbye nht the Monk, killed by a giant mummy... You died in The Dungeons of Doom on dungeon level 29 with 17376 points, and 2523 pieces of gold, after 3159 moves. You were level 10 with a maximum of 80 hit points when you died.